 Dungeon Crawl Stone Soup version 0.27-a0-423-gf312af23e9 (webtiles) character file.

Game seed: 10225625497659873583

40 jasper the Stinger (level 3, -1/24 HPs)
             Began as a Demonspawn Venom Mage on Feb 26, 2021.
             Slain by an adder (5 damage)
             ... on level 1 of the Dungeon.
             The game lasted 00:02:12 (1928 turns).

jasper the Stinger (Demonspawn Venom Mage)          Turns: 1928, Time: 00:02:13

Health: -1/24      AC:  3    Str:  8    XL:     3   Next: 30%
Magic:  2/6        EV: 12    Int: 23    God:
Gold:   26         SH:  0    Dex: 13    Spells: 5/6 levels left

rFire    . . .     SeeInvis .   c - +0 mace
rCold    . . .     Faith    .   (no shield)
rNeg     . . .     Spirit   .   a - +1 robe
rPois    +         Reflect  .   (helmet restricted)
rElec    .         Harm     .   (no cloak)
rCorr    .         Rampage  .   (no gloves)
Will     .....                  (no boots)
Stlth    ++........             (no amulet)
HPRegen  0.08/turn              g - +6 ring of intelligence
MPRegen  0.10/turn              f - ring of poison resistance

@: lethally poisoned (-1 -> -11)
A: antennae 1, hooves 1
a: no special abilities


You were on level 1 of the Dungeon.
You visited 1 branch of the dungeon, and saw 3 of its levels.

You collected 26 gold pieces.

Inventory:

Hand Weapons
 c - a +0 mace (weapon)
Armour
 a - a +1 robe (worn)
Jewellery
 f - a ring of poison resistance (right hand)
 g - a +6 ring of intelligence (left hand)
Scrolls
 e - a scroll of identify
Potions
 d - a potion of heal wounds


   Skills:
 - Level 1.7 Dodging
 - Level 1.7 Stealth
 - Level 2.0 Spellcasting
 + Level 1.8 Transmutations
 - Level 4.0 Poison Magic


You had 5 spell levels left.
You knew the following spells:

 Your Spells              Type           Power        Failure   Level
a - Sting                 Tmut/Pois      60%          3%          1

Your spell library contained the following spells:

 Spells                   Type           Power        Failure   Level
 Poisonous Vapours        Pois/Air       22%          9%          2
 Ignite Poison            Fire/Tmut/Pois 11%          17%         3
 Mephitic Cloud           Conj/Pois/Air  8%           22%         3
 Olgreb's Toxic Radiance  Pois           20%          24%         4


Dungeon Overview and Level Annotations

Branches:
Dungeon (3/15)

Altars:


Innate Abilities, Weirdness & Mutations

You have a pair of small antennae on your head.
You have large cloven feet.


Message History

The gnoll hits you from afar with a +0 spear.
You take 3 damage, and have 11/24 hp.
Found 6 gold pieces.
A bat comes into view.
Found a stone staircase leading up.
You see here 6 gold pieces.
You now have 26 gold pieces (gained 6).
An adder comes into view.
The bat hits you but does no damage. x2
The adder hisses angrily.
The bat closely misses you.
There is a stone staircase leading up here.
The bat barely misses you. The adder bites you.
You climb upwards.
The kobold shouts!
The kobold barely misses you.
There is a stone staircase leading down here.
You take 1 damage, and have 12/24 hp.
Aiming: Sting (safe; 3% risk of failure)
Press: ? - help, Q - select action Shift-Dir - straight line, f - adder
Aim: an adder (43% to evade)
The sting misses the adder.
The adder misses you. x2; The kobold hits you but does no damage.
The kobold hits you but does no damage. The adder bites you.
You are poisoned.
The adder poisons you!
There is a stone staircase leading up here.
You take 3 damage, and have 9/24 hp.
You feel sick. The adder closely misses you. The kobold barely misses you.
You climb upwards.
You feel sick.
There is a stone staircase leading down here.
You take 2 damage, and have 7/24 hp.
Okay, then.
The kobold hits you but does no damage.
You feel sick. The adder bites you.
* * * LOW HITPOINT WARNING * * *
You are more poisoned.
The adder poisons you! The adder bites you.
You die...

#.##.#.# ###.#.#
#####.####.# #.#.#
#..........# #.#.#
############ #.#..
########.'..
#####.....##.##.
#.........##.###
######..P..P...##.#
#
#.K.@..P♣♣PP......#
##>#SP.P.♣♣♣.PP##.#
#..♣♣.♣♣♣♣♣PPP######
#...♣♣♣P.♣♣.........
#...P..P...P........
#.##P..P.....)......
#.........'...######
#.####....#...#....#
### #....#>..#....#


You could see an adder and a kobold.

Vanquished Creatures
  A gnoll (D:3)
  An adder (D:3)
  2 dart slugs (D:1)
  2 leopard geckos (D:1)
  3 bats
  A giant cockroach (D:2)
  2 hobgoblins (D:1)
  2 kobolds
  A ball python (D:2)
  A goblin (D:1)
  2 rats
18 creatures vanquished.

Notes
Turn   | Place    | Note
-------+----------+-------------------------------------------
     0 | D:1      | jasper the Demonspawn Venom Mage began the quest for the
                  | Orb.
     0 | D:1      | Reached XP level 1. HP: 13/13 MP: 3/3
   382 | D:1      | Gained mutation: You have a pair of small antennae on your
                  | head. [demonic ancestry]
   382 | D:1      | Reached XP level 2. HP: 16/19 MP: 0/5
  1816 | D:2      | Reached skill level 4 in Poison Magic
  1847 | D:2      | You fall into a shaft and drop 1 floor!
  1869 | D:3      | Reached skill level 1 in Transmutations
  1869 | D:3      | Gained mutation: You have large cloven feet. [demonic
                  | ancestry]
  1869 | D:3      | Reached XP level 3. HP: 22/24 MP: 2/6
  1928 | D:1      | Slain by an adder

Illustrated notes

Levels and vault maps discovered:
D:1:      roderic_octagonal_star, layout_basic, serial_forest,
          infiniplex_forest_straight_4, infiniplex_forest_fountain,
          infiniplex_forest_clump_diagonal, infiniplex_forest_fountain,
          infiniplex_forest_lined_corner, infiniplex_forest_clump_long,
          nrook_mini_vaults
D:2:      layout_basic, tso_metal_star, chequers_ecumenical_altar_simple_redux,
          uniq_natasha
D:3:      cheibrodos_old_hovel, layout_loops_ring, overflow_temple_1_default,
          gammafunk_ghost_grave, minmay_shallow_snake_nest

Skill      XL: |  1  2 |
---------------+-------+-----
Poison Magic   | 4 |  4.0
Transmutations | 1 |  1.8
Dodging        | |  1.7
Stealth        | |  1.7
Spellcasting   | |  2.0

Action                   || total
-------------------------++-------
Melee: Mace              ||    31
       Unarmed           ||     4
       Kick              ||     3
 Cast: Sting             ||    29
  Use: Scroll            ||     2
       Potion            ||     1
Armor: Robe              ||    15
Dodge: Dodged            ||    58

Table legend: (Time is in decaauts)
 A = Elapsed time spent in this place.
 B = Non-inter-level travel time spent in this place.
 C = Inter-level travel time spent in this place.
 D = Time resting spent in this place.
 E = Time spent auto-exploring this place.
 F = Levels seen in this place.
 G = Mean time per level.
                   A        B        C        D        E       F      G
               +--------+--------+--------+--------+--------+-----+--------+
         Total |   1939 |   1877 |     62 |    239 |   1426 |   3 |  646.3 |
       Dungeon |   1939 |   1877 |     62 |    239 |   1426 |   3 |  646.3 |
               +--------+--------+--------+--------+--------+-----+--------+

Top non-repeatable levels by time:
     D:1: 1788 daAuts
     D:3: 75 daAuts
     D:2: 75 daAuts
